 Dungeon Crawl Stone Soup version 0.28.0-49-g6dfe1f597d (webtiles) character file.

Game seed: 9113810982775034091

130 pkoi the Firebug (level 4, 0/33 HPs)
             Began as a Demigod Fire Elementalist on May 12, 2022.
             Killed by nerve-wracking pain
             ... invoked by Grinder
              (14 damage)
             ... while paralysed by Grinder
             ... on level 3 of the Dungeon.
             The game lasted 00:04:45 (4571 turns).

pkoi the Firebug (Demigod Fire Elementalist)        Turns: 4571, Time: 00:04:46

Health: 0/33       AC:  5    Str:  9    XL:     4   Next: 60%
Magic:  1/10       EV:  2    Int: 21    God:
Gold:   60         SH:  0    Dex: 14    Spells: 4/7 levels left

rFire   . . .      SeeInvis .   j - +2 whip (vamp)
rCold   . . .      Faith    .   (no shield)
rNeg    . . .      Spirit   .   a - +0 robe
rPois   .          Reflect  .   k - +0 helmet
rElec   .          Harm     .   (no cloak)
rCorr   .          Rampage  .   c - +0 pair of gloves
Will    .....                   f - +0 pair of boots
Stlth   ++........              (no amulet)
HPRegen 0.11/turn               (no ring)
MPRegen 0.12/turn               (no ring)

@: paralysed
A: high MP 1, forlorn, divine attributes
a: no special abilities


You were on level 3 of the Dungeon.
You visited 1 branch of the dungeon, and saw 3 of its levels.

You collected 60 gold pieces.

Inventory:

Hand Weapons
 b - a +0 dagger
 e - a +0 short sword
 j - a +2 vampiric whip (weapon)
Missiles
 d - 2 javelins
Armour
 a - a +0 robe (worn)
 c - a +0 pair of gloves (worn)
 f - a +0 pair of boots (worn)
 k - a +0 helmet (worn)
Scrolls
 g - 3 scrolls of identify
 m - a scroll of fear
Potions
 h - a potion of curing {unknown}
 i - a potion of magic


   Skills:
 - Level 1.7 Dodging
 - Level 1.7 Stealth
 + Level 2.4 Spellcasting
 + Level 2.6 Conjurations
 + Level 3.9 Fire Magic


You had 4 spell levels left.
You knew the following spells:

 Your Spells              Type           Power      Damage    Failure   Level
a - Foxfire               Conj/Fire      64%        2x1d7     3%          1
b - Scorch                Fire           38%        2d6       4%          2

Your spell library contained the following spells:

 Spells                   Type           Power      Damage    Failure   Level
 Conjure Flame            Conj/Fire      16%        6-21      11%         3
 Summon Small Mammal      Summ           8%         N/A       14%         1
 Inner Flame              Hex/Fire       10%        N/A       19%         3
 Flame Wave               Conj/Fire      16%        2d6       36%         4
 Call Canine Familiar     Summ           2%         N/A       38%         3
 Summon Guardian Golem    Hex/Summ       2%         N/A       38%         3


Dungeon Overview and Level Annotations

Branches:
Dungeon (3/15)

Shops:
D:3 *

Annotations:
D:3 Grinder


Innate Abilities, Weirdness & Mutations

You have an increased reservoir of magic. (+10% MP)
You shall have no god before yourself.
Your divine heritage dramatically boosts your attributes as you level up.


Message History

Grinder's fire resistance burns away.
The foxfire hits Grinder.
Grinder is burned terribly!
Grinder is heavily wounded.
The foxfire hits Grinder.
Grinder is heavily wounded.
Grinder gestures at you. Pain shoots through your body!
* * * LOW HITPOINT WARNING * * *
Unknown command.
Casting: Foxfire (safe; 3% risk of failure)
Press: ? - help, Q - select action, (/) - cycle Dir - look around, f - activate You conjure some foxfire!
Grinder hits you but does no damage.
Unknown command.
Casting: Foxfire (safe; 3% risk of failure)
Confirm with . or Enter, or press ? or * to list all spells.
Flames lash Grinder.
Grinder is burned terribly!
Grinder is severely wounded.
The foxfire hits Grinder but does no damage.
Grinder is severely wounded.
The foxfire hits Grinder but does no damage.
Grinder is severely wounded.
Grinder blinks!
Unknown command.
Casting: Foxfire (safe; 3% risk of failure)
Press: ? - help, Q - select action, (/) - cycle Dir - look around, f - activate You conjure some foxfire!
Grinder gestures at you. You resist with significant effort.
Unknown command.
Unknown command.
The foxfire hits Grinder.
Grinder is burned terribly!
Grinder is severely wounded.
The foxfire hits Grinder.
Grinder is burned terribly!
Grinder is almost dead.
Grinder gestures at you.
You suddenly lose the ability to move!
Grinder gestures at you. Pain shoots through your body!
You die...

..##...##..#.#....# ##...
.#####.....#.##...# ##..
.. #........##.(.# ### .#
#.....##......## #(
#.....##<##....#######
##########.......##.....
...#######..............
................##......
##.####..@...............)
.........############(..<.
.........# #.....
.........# #.....
.....5...# #.....
.........# #.....
.........# #.....
.........# ######
.........#


You could see Grinder (combustible).

Vanquished Creatures
  An orc priest (D:3)
  Robin (D:2)
  3 worms
  3 dart slugs
  3 orcs (D:3)
  2 endoplasms
  5 giant cockroaches
  15 goblins
  8 hobgoblins
  2 quokkas
  5 ball pythons
  6 bats
  3 frilled lizards
  7 kobolds
  6 rats
70 creatures vanquished.

Vanquished Creatures (collateral kills)
  2 foxfires (D:3)
2 creatures vanquished.

Vanquished Creatures (others)
  233 foxfires
233 creatures vanquished.

Grand Total: 305 creatures vanquished

Notes
Turn   | Place    | Note
-------+----------+-------------------------------------------
     0 | D:1      | pkoi the Demigod Fire Elementalist began the quest for the
                  | Orb.
     0 | D:1      | Reached XP level 1. HP: 14/14 MP: 5/5
    57 | D:1      | Reached skill level 1 in Conjurations
  1046 | D:1      | Reached XP level 2. HP: 20/20 MP: 4/7
  1104 | D:1      | Reached skill level 3 in Fire Magic
  1759 | D:2      | Noticed Robin
  2133 | D:2      | Reached XP level 3. HP: 26/26 MP: 4/8
  2399 | D:2      | Killed Robin
  3657 | D:2      | Reached XP level 4. HP: 33/33 MP: 6/10
  3870 | D:3      | Learned a level 2 spell: Scorch
  3963 | D:3      | Found Suumm's General Store.
  4548 | D:3      | Noticed Grinder
  4558 | D:3      | Paralysed by Grinder for 3 turns
  4568 | D:3      | Paralysed by Grinder for 5 turns
  4571 | D:3      | Killed from afar by Grinder

Illustrated notes

Levels and vault maps discovered:
D:1:      saegor_arrival_simple_b, layout_loops_corners,
          hellmonk_ecumenical_altar_pennies_from_heaven, minmay_strange_pillars,
          minmay_tromino_mix6
D:2:      minmay_spotlight, layout_basic, serial_glass, glass_columns_a,
          glass_columns_b, minmay_misc_feat_hallway, chequers_decorated_corner,
          uniq_robin
D:3:      layout_rooms, elyvilon_altar_1, serial_shops,
          nicolae_shop_hallway_plus, uniq_grinder

Skill      XL: |  1  2  3 |
---------------+----------+-----
Conjurations   | 1 2 |  2.6
Fire Magic     | 3 |  3.9
Spellcasting   | 2 |  2.4
Dodging        | |  1.7
Stealth        | |  1.7

Action                   |  1- 3 |  4- 6 || total
-------------------------+-------+-------++-------
Melee: Dagger            |    19 |       ||    19
       Whip              |    11 |       ||    11
       Punch             |     1 |       ||     1
 Cast: Foxfire           |   102 |    39 ||   141
       Scorch            |       |     3 ||     3
  Use: Scroll            |       |     3 ||     3
       Potion            |       |     2 ||     2
 Stab: Sleeping          |     1 |       ||     1
Armor: Robe              |    24 |     1 ||    25
Dodge: Dodged            |    29 |     1 ||    30
